 Dungeon Crawl Stone Soup version 0.23.2-30-g0e89c35649 (webtiles) character file.

Game seed: 6512613012876198931

36354 LabCoat the Severer (level 13, -9/115 HPs)
             Began as a Hill Orc Fighter on June 11, 2019.
             Was an Elder of Trog.
             Mangled by an elephant (11 damage)
             ... on level 6 of the Lair of Beasts on June 12, 2019.
             The game lasted 01:14:59 (17940 turns).

LabCoat the Severer (Hill Orc Fighter)             Turns: 17940, Time: 01:14:59

Health: -9/115     AC: 21    Str: 32    XL:     13   Next: 89%
Magic:  0/23       EV:  7    Int: 13    God:    Trog [****..]
Gold:   482        SH: 13    Dex: 12    Spells: 12/12 levels left

rFire    . . .     SeeInvis .   J - +3 morningstar
rCold    . . .     Gourm    .   c - +0 shield
rNeg     . . .     Faith    .   v - +0 plate armour
rPois    +         Spirit   +   M - +3 hat of Pondering {ponderous, MR+ MP+10 Int+5}
rElec    .         Reflect  .   p - +0 cloak (curse)
rCorr    .         Harm     .   (no gloves)
MR       +....                  H - +0 pair of boots {run}
Stlth    ..........             x - amulet of guardian spirit
HPRegen  0.29/turn              W - ring of poison resistance
MPRegen  0.18/turn              Q - +5 ring of strength

@: mighty, about to teleport, berserk cooldown, slowed, very slow
A: no striking features
a: Berserk, Trog's Hand, Brothers in Arms, Renounce Religion


You were on level 6 of the Lair of Beasts.
You worshipped Trog.
Trog was greatly pleased with you.
You were not hungry.

You visited 3 branches of the dungeon, and saw 19 of its levels.

You collected 851 gold pieces.
You spent 369 gold pieces at shops.

Inventory:

Hand Weapons
 a - a +1 war axe
 J - a +3 morningstar (weapon)
Missiles
 q - a throwing net
 E - a tomahawk (quivered)
 U - 5 javelins
Armour
 c - a +0 shield (worn)
 p - a cursed +0 cloak (worn)
 v - a +0 plate armour (worn)
 H - a +0 pair of boots of running (worn)
 M - the +3 hat of Pondering (worn) {ponderous, MR+ MP+10 Int+5}
   (You took it off Gastronok on level 2 of the Lair of Beasts)

   It affects your intelligence (+5).
   It affects your resistance to hostile enchantments.
   It affects your magic capacity (+10).
Jewellery
 l - an uncursed ring of fire
 m - a +3 ring of evasion
 n - an uncursed ring of wizardry
 r - a +6 ring of intelligence
 s - an uncursed ring of ice
 x - an amulet of guardian spirit (around neck)
 B - an uncursed ring of positive energy
 G - an uncursed ring of see invisible
 N - an uncursed ring of flight
 O - an uncursed ring of magical power
 Q - a +5 ring of strength (right hand)
 W - a ring of poison resistance (left hand)
Wands
 t - a wand of clouds (10)
 u - a wand of flame (26)
 z - a wand of acid (5)
 K - a wand of polymorph (6)
 L - a wand of digging (4)
 P - a wand of enslavement (10)
Scrolls
 g - 3 scrolls of enchant armour
 h - 2 scrolls of fog
 i - 7 scrolls of enchant weapon
 j - 12 scrolls of remove curse
 y - 3 scrolls of fear
 C - a scroll of holy word {unknown}
 F - a scroll of vulnerability {unknown}
 R - a scroll of blinking {unknown}
 S - a scroll of noise {unknown}
Potions
 b - a potion of berserk rage
 d - a potion of might
 e - 3 potions of brilliance
 k - 3 potions of agility
 o - 7 potions of flight
 A - 2 potions of resistance
 D - 2 potions of ambrosia
 I - a potion of invisibility {unknown}
Comestibles
 f - 18 rations
 T - 5 chunks of flesh


   Skills:
 + Level 10.9 Fighting
 - Level 18.0(19.0) Axes
 * Level 9.5(13.6) Maces & Flails
 + Level 3.0 Throwing
 + Level 11.0 Armour
 + Level 10.5 Shields
 + Level 1.2 Evocations


You had 12 spell levels left.
You didn't know any spells.
Your spell library contained the following spells:

 Spells                   Type           Power        Failure   Level  Hunger
 Confusing Touch          Hex            #.....       98%         1    ##.....
 Corona                   Hex            #......      98%         1    ##.....
 Shock                    Conj/Air       #...         98%         1    ##.....
 Slow                     Hex            #.......     99%         2    ###....
 Swiftness                Chrm/Air       #.......     99%         2    ###....
 Confuse                  Hex            #.......     100%        3    ####...
 Gell's Gravitas          Tloc           #.........   100%        3    ####...
 Inner Flame              Hex/Fire       #.......     100%        3    ####...
 Portal Projectile        Hex/Tloc       #.....       100%        3    ####...
 Static Discharge         Conj/Air       #.......     100%        3    ####...
 Airstrike                Air            #.........   100%        4    #####..
 Cause Fear               Hex            #.........   100%        4    #####..
 Leda's Liquefaction      Hex/Erth       #.........   100%        4    #####..
 Petrify                  Tmut/Erth      #.......     100%        4    #####..
 Lightning Bolt           Conj/Air       #.........   100%        5    ######.
 Metabolic Englaciation   Hex/Ice        #.........   100%        5    ######.
 Yara's Violent Unravell  Hex/Tmut       #.........   100%        5    ######.


Dungeon Overview and Level Annotations

Branches:
Dungeon (12/15)            Temple (1/1) D:6            Lair (6/6) D:10
  Swamp (0/4) Lair:4        Snake (0/4) Lair:3          Orc (0/2) D:9
  Slime: Lair:5-6

Altars:
Ashenzari
Cheibriados
Dithmenos
Elyvilon
Fedhas
Gozag
Hepliaklqana
Kikubaaqudgha
Makhleb
Nemelex Xobeh
Okawaru
Qazlal
Ru
Sif Muna
Trog
Uskayaw
Vehumet
Wu Jian
Xom
Yredelemnul
Zin
The Shining One
Jiyva

Shops:
D:8 ?


Message History

You are no longer berserk.
Trog's vigour flows through your veins.
You are exhausted.
You feel yourself slow down. The elephant tramples you.
* * * LOW HITPOINT WARNING * * *
You stumble backwards!
Okay, then.
As you read the scroll of teleportation, it crumbles to dust.
You feel strangely unstable. You block the crocodile's attack.
The elephant tramples you!
* * * LOW HITPOINT WARNING * * *
You stumble backwards!
A crocodile comes into view.
Okay, then.
As you read the scroll of fear, it crumbles to dust.
You assume a fearsome visage.
The crocodile looks frightened! x2
The elephant looks frightened!
The elephant resists with almost no effort.
Your ogre closely misses the crocodile.
The elephant tramples you!
You die...

....... ....
..P... ...O
#.P..#.....
#P...#..[%.
#(≈.≈≈.≈♣≈.
##.≈≈.≈≈.≈♣.
#P...≈≈≈≈≈.≈ #
#t.@≈....≈≈ #..
#.†Y.≈≈≈♣..
.....##Y.≈≈.≈≈.≈.
#.....†≈≈♣≈≈.♣..
........≈≈≈♣≈≈≈..
.P##P.....≈..≈≈..
#$...≈....≈≈≈#
#.#......#.≈##
####..#.#####


You could see 2 elephants, a crocodile (fleeing) and a friendly ogre (berserk).

Vanquished Creatures
  Gastronok (Lair:2)
  10 hydras
  A two-headed ogre (D:9)
  Urug (D:12)
  The ghost of foxfromabyss the Nimble, a novice FeTm of Ru (Lair:3)
  A harpy (Lair:6)
  A manticore (Lair:6)
  A guardian serpent (Lair:3)
  3 elephants (Lair:6)
  Joseph (D:9)
  2 black mambas
  4 spiny frogs
  2 torpor snails
  4 rime drakes
  A centaur skeleton (D:12)
  6 komodo dragons
  A troll (D:10)
  3 tyrant leeches (Lair:4)
  A polar bear (Lair:6)
  3 hornets
  8 hippogriffs
  6 dream sheep (Lair:5)
  A spriggan (D:8)
  A wraith (D:11)
  21 yaks
  2 basilisks
  Eustachio (D:5)
  6 swamp worms (Lair:4)
  10 water moccasins
  An acid dragon (D:12)
  11 porcupines
  3 black bears
  3 ice beasts
  3 orc warriors
  4 sky beasts
  4 phantoms
  6 ogres
  14 wolves
  10 centaurs
  A big kobold (D:10)
  11 crocodiles
  10 bullfrogs
  2 water moccasin zombies (D:8)
  3 scorpions
  8 wights
  3 howler monkeys
  An electric eel (Lair:2)
  2 crimson imps (D:7)
  A quasit (D:7)
  3 hounds
  4 orc priests
  5 jellies
  11 orc wizards
  Ijyb (D:4)
  11 worker ants
  A killer bee zombie (D:7)
  A hound zombie (D:9)
  3 howler monkey skeletons
  13 adders
  A shadow imp (D:8)
  2 oozes
  2 adder zombies
  7 worms
  2 dart slugs
  6 leopard geckos
  40 orcs
  3 ball pythons
  7 giant cockroaches
  A goblin (D:1)
  11 hobgoblins
  4 iguanas
  15 jackals
  A quokka (D:10)
  4 bats
  6 frilled lizards
  A jackal skeleton (D:6)
  14 kobolds
  A leopard gecko zombie (D:6)
  6 rats
  2 plants (D:10)
394 creatures vanquished.

Vanquished Creatures (collateral kills)
  A manticore (Lair:6)
1 creature vanquished.

Vanquished Creatures (others)
  2 orcs (D:2)
  6 fungi
  7 plants
15 creatures vanquished.

Grand Total: 410 creatures vanquished

Notes
Turn   | Place    | Note
-------+----------+-------------------------------------------
     0 | D:1      | LabCoat the Hill Orc Fighter began the quest for the Orb.
     0 | D:1      | Reached XP level 1. HP: 19/19 MP: 1/1
   212 | D:1      | Reached skill level 3 in Axes
   217 | D:1      | Reached XP level 2. HP: 26/27 MP: 2/2
   738 | D:2      | Reached XP level 3. HP: 33/33 MP: 3/3
   780 | D:2      | Found a shattered altar of Ashenzari.
   835 | D:2      | Reached skill level 4 in Axes
  1055 | D:2      | Found a shimmering altar of Xom.
  1117 | D:2      | Found a radiant altar of Vehumet.
  1122 | D:2      | Reached XP level 4. HP: 40/40 MP: 4/4
  1205 | D:2      | Reached skill level 5 in Axes
  1851 | D:2      | Reached XP level 5. HP: 45/46 MP: 5/5
  1966 | D:2      | Reached skill level 6 in Axes
  3106 | D:4      | Reached XP level 6. HP: 48/52 MP: 6/6
  3152 | D:4      | Reached skill level 7 in Axes
  3298 | D:4      | Noticed Ijyb
  3318 | D:4      | Killed Ijyb
  3733 | D:4      | Noticed a phantom
  3738 | D:4      | Killed a phantom
  3738 | D:4      | Reached skill level 8 in Axes
  3738 | D:4      | Reached XP level 7. HP: 60/60 MP: 7/7
  4370 | D:5      | Entered Level 5 of the Dungeon
  4431 | D:5      | Reached skill level 9 in Axes
  4611 | D:5      | Noticed Eustachio
  4639 | D:5      | Killed Eustachio
  4639 | D:5      | Reached XP level 8. HP: 32/67 MP: 8/8
  4647 | D:5      | Reached skill level 10 in Axes
  4825 | D:5      | Found a burning altar of Makhleb.
  5242 | D:6      | Reached skill level 5 in Fighting
  5299 | D:6      | Found a sparkling altar of Nemelex Xobeh.
  5341 | D:6      | Found a staircase to the Ecumenical Temple.
  5393 | Temple   | Entered the Ecumenical Temple
  5626 | D:6      | Found an ancient bone altar of Kikubaaqudgha.
  6313 | D:7      | Reached skill level 11 in Axes
  6345 | D:7      | Reached skill level 5 in Armour
  6365 | D:7      | Reached skill level 1 in Throwing
  6380 | D:7      | Reached skill level 5 in Shields
  6588 | D:7      | Reached XP level 9. HP: 65/74 MP: 7/9
  6599 | D:7      | Reached skill level 12 in Axes
  7183 | D:7      | Found a bloodstained altar of Trog.
  7187 | D:7      | Found a shadowy altar of Dithmenos.
  7194 | D:7      | Found a blossoming altar of Fedhas.
  7196 | D:7      | Became a worshipper of Trog the Wrathful
  7199 | D:7      | Found a hide-covered altar of Uskayaw.
  7200 | D:7      | Found a deep blue altar of Sif Muna.
  7287 | D:8      | Reached skill level 13 in Axes
  7595 | D:8      | Reached * piety under Trog
  7882 | D:8      | Found a hide-covered altar of Uskayaw.
  7988 | D:8      | Found Bugias's Magic Scroll Emporium.
  7991 | D:8      | Bought a scroll of teleportation for 39 gold pieces
  7991 | D:8      | Bought a scroll of identify for 26 gold pieces
  7991 | D:8      | Bought a scroll of enchant armour for 97 gold pieces
  7991 | D:8      | Bought a scroll of teleportation for 39 gold pieces
  7991 | D:8      | Bought a scroll of identify for 26 gold pieces
  7991 | D:8      | Bought a scroll of fear for 45 gold pieces
  7991 | D:8      | Bought a scroll of enchant weapon for 97 gold pieces
  8019 | D:8      | Reached XP level 10. HP: 79/84 MP: 8/10
  8177 | D:9      | Found a staircase to the Orcish Mines.
  8195 | D:9      | You fall through a shaft for 3 floors!
  8195 | D:12     | Noticed Urug
  8200 | D:12     | Reached skill level 14 in Axes
  8208 | D:12     | Killed Urug
  8248 | D:12     | HP: 2/84 [hound (3)]
  8692 | D:11     | Reached ** piety under Trog
  8693 | D:11     | Reached skill level 15 in Axes
  8889 | D:10     | Entered Level 10 of the Dungeon
  8955 | D:10     | Reached XP level 11. HP: 84/92 MP: 11/11
  9179 | D:9      | Reached skill level 16 in Axes
  9361 | D:9      | Found an ornate altar of the Wu Jian Council.
  9362 | D:9      | Found a white marble altar of Elyvilon.
  9401 | D:9      | Noticed Joseph
  9418 | D:9      | Killed Joseph
  9528 | D:9      | Noticed a two-headed ogre
  9535 | D:9      | Killed a two-headed ogre
  9627 | D:9      | Reached *** piety under Trog
 10124 | D:9      | Found a hide-covered altar of Uskayaw.
 10470 | D:10     | Found a staircase to the Lair.
 10635 | Lair:1   | Entered Level 1 of the Lair of Beasts
 10898 | Lair:1   | Noticed a seven-headed hydra
 10899 | Lair:1   | Reached skill level 17 in Axes
 10913 | Lair:1   | Killed a seven-headed hydra
 11097 | Lair:1   | Reached skill level 1 in Maces & Flails
 11097 | Lair:1   | Reached skill level 1 in Evocations
 11105 | Lair:1   | Noticed a four-headed hydra
 11118 | Lair:1   | Killed a four-headed hydra
 11118 | Lair:1   | Reached XP level 12. HP: 40/104 MP: 6/12
 12145 | Lair:2   | Noticed a five-headed hydra
 12160 | Lair:2   | Killed a five-headed hydra
 12743 | Lair:2   | Reached **** piety under Trog
 12817 | Lair:2   | Noticed Gastronok
 12840 | Lair:2   | Killed Gastronok
 13513 | Lair:3   | Found a staircase to the Snake Pit.
 13937 | Lair:3   | Found a large runed translucent door.
 13937 | Lair:3   | Found a large runed translucent door.
 14016 | Lair:3   | Noticed foxfromabyss's ghost (novice FeTm)
 14236 | Lair:3   | Killed foxfromabyss's ghost
 14295 | Lair:4   | Reached skill level 10 in Armour
 14334 | Lair:4   | Reached skill level 10 in Fighting
 14387 | Lair:4   | Noticed a six-headed hydra
 14389 | Lair:4   | Found a staircase to the Swamp.
 14394 | Lair:4   | Killed a six-headed hydra
 14402 | Lair:4   | Reached skill level 18 in Axes
 14641 | Lair:4   | Noticed a five-headed hydra
 14650 | Lair:4   | Killed a five-headed hydra
 14650 | Lair:4   | Reached XP level 13. HP: 113/113 MP: 13/13
 14667 | Lair:4   | Reached skill level 5 in Maces & Flails
 16198 | Lair:5   | Received a gift from Trog
 16660 | Lair:5   | Identified 2 scrolls of acquirement
 16681 | Lair:5   | Identified a +0 pair of boots of running (You acquired it
                  | on level 5 of the Lair of Beasts)
 16721 | Lair:5   | Reached skill level 10 in Shields
 16966 | Lair:5   | Found a runed translucent door.
 17148 | Lair:6   | Entered Level 6 of the Lair of Beasts
 17523 | Lair:6   | Received a gift from Trog
 17550 | Lair:5   | Paralysed by a hornet for 2 turns
 17880 | Lair:6   | Reached ***** piety under Trog
 17939 | Lair:6   | HP: 2/115 [elephant (7)]
 17940 | Lair:6   | Mangled by an elephant

Skill      XL: |  1  2  3  4  5  6  7  8  9 10 11 12 13 |
---------------+----------------------------------------+-----
Axes           | 3 4 5 6 8 9 11 13 15 17 18 | 18.0
Fighting       | 4 5 6 7 9 10 | 10.9
Armour         | 4 5 6 7 8 10 11 | 11.0
Shields        | 4 5 6 7 8 9 10 | 10.5
Throwing       | 1 2 3 |  3.0
Maces & Flails | 2 4 9 |  9.5
Evocations     | 1 |  1.2

Action                   |  1- 3 |  4- 6 |  7- 9 | 10-12 | 13-15 || total
-------------------------+-------+-------+-------+-------+-------++-------
Melee: War axe           |    95 |   158 |   401 |   564 |       ||  1218
       Morningstar       |       |       |       |    55 |   368 ||   423
Throw: Tomahawk          |       |     5 |    18 |    26 |    11 ||    60
       Throwing net      |       |       |     3 |     1 |       ||     4
Invok: Berserk           |       |       |     1 |    13 |     9 ||    23
       Brothers in Arms  |       |       |       |       |     1 ||     1
Evoke: Wand              |       |       |       |    10 |       ||    10
  Use: Scroll            |     4 |     4 |     6 |    10 |    10 ||    34
       Potion            |       |       |     2 |    12 |     1 ||    15
 Stab: Held in net/web   |       |       |       |     2 |       ||     2
  Eat: Chunk             |     1 |     5 |     8 |    22 |    10 ||    46
       Ration            |       |     1 |     2 |     3 |     3 ||     9
Armor: Scale mail        |    43 |    48 |    60 |       |       ||   151
       Chain mail        |       |       |   125 |    89 |       ||   214
       Plate armour      |       |       |       |   135 |   274 ||   409
Dodge: Dodged            |    22 |    52 |   142 |   197 |   181 ||   594
Block: Shield            |    44 |    77 |   208 |   314 |   345 ||   988
